 Dungeon Crawl Stone Soup version 0.27.1-1-g398f81649c (webtiles) character file.

Game seed: 17484461533123667228

73896 MajorAdolf the Prestidigitator (level 15, -2/127 HPs)
             Began as a Naga Wanderer on Sept 7, 2021.
             Was an Initiate of Gozag.
             Killed from afar by a deep elf zephyrmancer (20 damage)
             ... with a bolt of lightning
             ... on level 1 of the Elven Halls.
             The game lasted 00:53:03 (29716 turns).

MajorAdolf the Prestidigitator (Naga Wanderer)     Turns: 29716, Time: 00:53:04

Health: -2/127     AC: 30    Str: 25    XL:     15   Next: 44%
Magic:  15/15      EV:  9    Int: 13    God:    Gozag
Gold:   3322       SH: 22    Dex: 19    Spells: 14/14 levels left

rFire    + . .     SeeInvis +   H - +9 spear "Impbane" {vamp, rPois Will+}
rCold    + . .     Faith    .   v - +0 tower shield
rNeg     + . .     Spirit   .   I - +2 scale mail of Foepataschomp {Int+4}
rPois    +         Reflect  +   c - +2 hat
rElec    .         Harm     .   X - +1 cloak "Founn" {Regen+}
rCorr    +         Rampage  .   b - +1 pair of gloves "Agogiydgh" {-Cast rCorr Str+4 SInv}
Will     ++++.     NoCast   +   x - +1 barding {rF+}
Stlth    +.........             e - amulet of reflection
HPRegen  1.31/turn              E - ring of willpower
MPRegen  0.14/turn              L - ring "Xaen Sokh" {rC+ rN+ Will+ AC+4 Dex+3}

@: gold aura, studying Polearms, very slow
A: AC +5, large, see invisible, deformed body, poison resistance, slowness 2,
spit poison 1, naga tail 2, beak, strong 1
a: Spit Poison, Renounce Religion, Potion Petition, Call Merchant, Bribe Branch


You were on level 1 of the Elven Halls.
You worshipped Gozag.
Gozag was most pleased with you.
You visited 6 branches of the dungeon, and saw 22 of its levels.
You also visited: Bailey.

You collected 8897 gold pieces.
You spent 2594 gold pieces at shops.
You paid 2981 gold pieces to Gozag.

Inventory:

Hand Weapons
 l - the +3 spear of Fimbulwinter {antimagic, rCorr}
   (You bought it in a shop on level 11 of the Dungeon)

   It reduces the magical energy of the wielder, and disrupts the spells and
   magical abilities of those it strikes.
   Natural abilities and divine invocations are not affected.
   rCorr:     It protects you from acid and corrosion.
 H - the +9 spear "Impbane" (weapon) {vamp, rPois Will+}
   (You found it on level 6 of the Dungeon)

   It occasionally heals its wielder for a portion of the damage dealt when it
   wounds a living foe.
   rPois:     It protects you from poison.
   Will:      It increases your willpower.
Missiles
 n - 7 silver boomerangs
 q - 71 boomerangs (quivered)
Armour
 b - the +1 pair of gloves "Agogiydgh" (worn) {-Cast rCorr Str+4 SInv}
   (You found it on level 5 of the Dungeon)

   Str:       It affects your strength (+4).
   SInv:      It lets you see invisible.
   -Cast:     It prevents spellcasting.
   rCorr:     It protects you from acid and corrosion.
 c - a +2 hat (worn)
 v - a +0 tower shield (worn)
 x - a +1 barding of fire resistance (worn)
 I - the +2 scale mail of Foepataschomp (worn) {Int+4}
   (You found it on level 6 of the Dungeon)

   Int:       It affects your intelligence (+4).
 X - the +1 cloak "Founn" (worn) {Regen+}
   (You bought it in a shop on level 10 of the Dungeon)

   Regen:     It increases your rate of health regeneration.
Jewellery
 e - an amulet of reflection (around neck)
 E - a ring of willpower (left hand)
 K - a ring of willpower
 L - the ring "Xaen Sokh" (right hand) {rC+ rN+ Will+ AC+4 Dex+3}
   (You found it in a bailey)

   [ring of protection]

   AC:        It affects your AC (+4).
   Dex:       It affects your dexterity (+3).
   rC:        It protects you from cold.
   rN:        It protects you from negative energy.
   Will:      It increases your willpower.
 N - a ring of protection from fire
 S - a ring of protection from cold
 U - a ring of flight
Wands
 i - a wand of paralysis (35)
 p - a wand of acid (17)
 r - a wand of digging (3)
 t - a wand of flame (61)
 y - a wand of iceblast (3)
Scrolls
 j - 7 scrolls of enchant weapon
 m - 3 scrolls of blinking
 s - 5 scrolls of magic mapping
 A - 4 scrolls of immolation
 C - 2 scrolls of amnesia
 F - 3 scrolls of holy word
 J - 6 scrolls of enchant armour
 O - 2 scrolls of fear
 P - 4 scrolls of summoning
 Q - 11 scrolls of teleportation
 R - 7 scrolls of fog
 Z - a scroll of vulnerability
Potions
 d - 4 potions of haste
 g - 4 potions of cancellation
 h - 2 potions of might
 o - a potion of berserk rage {unknown}
 u - 7 potions of curing
 z - 2 potions of resistance
 G - 5 potions of heal wounds
 T - 2 potions of mutation
 V - 2 potions of invisibility
 W - 3 potions of flight
 Y - 2 potions of magic {unknown}
Miscellaneous
 a - a tin of tremorstones (1/2)
 k - a box of beasts


   Skills:
 + Level 6.4 Fighting
 - Level 6.0 Short Blades
 + Level 11.0 Polearms
 + Level 10.6 Throwing
 + Level 9.7 Armour
 + Level 9.8 Dodging
 - Level 1.5 Stealth
 + Level 6.9 Shields
 - Level 1.0 Unarmed Combat
 + Level 11.4 Evocations


You had 14 spell levels left.
You didn't know any spells.
Your spell library contained the following spells:

 Spells                   Type           Power      Damage    Failure   Level
 Freeze                   Ice            0%         1d3       98%         1
 Magic Dart               Conj           0%         1d3       98%         1
 Summon Small Mammal      Summ           0%         N/A       98%         1
 Call Imp                 Summ           0%         N/A       99%         2
 Corpse Rot               Necr/Air       N/A        N/A       99%         2
 Slow                     Hex            0%         N/A       99%         2
 Call Canine Familiar     Summ           0%         N/A       100%        3
 Confusing Touch          Hex            0%         N/A       100%        3
 Dazzling Flash           Conj/Hex       0%         N/A       100%        3
 Frozen Ramparts          Ice            0%         1d2       100%        3
 Ignite Poison            Fire/Tmut/Pois 0%         N/A       100%        3
 Inner Flame              Hex/Fire       0%         N/A       100%        3
 Mephitic Cloud           Conj/Pois/Air  0%         N/A       100%        3
 Summon Guardian Golem    Hex/Summ       0%         N/A       100%        3
 Vampiric Draining        Necr           0%         2d6       100%        3
 Cause Fear               Hex            0%         N/A       100%        4
 Dispel Undead            Necr           0%         3d6       100%        4
 Fulminant Prism          Conj/Hex       0%         3d6       100%        4
 Hailstorm                Conj/Ice       0%         3d3       100%        4
 Iskenderun's Mystic Bla  Conj/Tloc      0%         2d3       100%        4
 Agony                    Necr           0%         N/A       100%        5
 Bolt of Magma            Conj/Fire/Erth 0%         4d4       100%        5
 Lee's Rapid Deconstruct  Erth           0%         3d5*      100%        5
 Silence                  Hex/Air        0%         N/A       100%        5
 Death Channel            Necr           0%         N/A       100%        6
 Discord                  Hex            0%         N/A       100%        8


Dungeon Overview and Level Annotations

Branches:
Dungeon (11/15)            Temple (1/1) D:5            Lair (6/6) D:9
  Swamp (0/4) Lair:4        Snake (0/4) Lair:3        Slime (1/5) Lair:5
    Orc (2/2) D:11            Elf (1/3) Orc:2        Bailey (visited)

Altars:
Ashenzari
Cheibriados
Dithmenos
Elyvilon
Fedhas
Gozag
Hepliaklqana
Kikubaaqudgha
Makhleb
Nemelex Xobeh
Okawaru
Qazlal
Ru
Sif Muna
Trog
Uskayaw
Vehumet
Wu Jian
Xom
Yredelemnul
Zin
The Shining One
Jiyva

Shops:
D:7 ?   D:9 =*   D:10 *?   D:11 (   Orc:2 [*[?   Lair:6 *

Portals:
Hell: Lair:6

Annotations:
D:8 1 runed translucent door, amoeba's ghost, novice MiFi


Innate Abilities, Weirdness & Mutations

Your serpentine skin is tough. (AC +5)
You have supernaturally acute eyesight. (SInv)
Armour fits poorly on your strangely shaped body.
Your system is resistant to poisons. (rPois)
You cover ground very slowly.
You can spit poison.
You can use your snake-like lower body to constrict enemies.
You have a beak for a mouth.
Your muscles are strong. (Str +2)


Message History

The bolt of lightning hits you.
You block the deep elf pyromancer's attack.
The deep elf zephyrmancer gestures wildly while chanting.
The deep elf zephyrmancer blinks!
The deep elf zephyrmancer casts a spell at you.
The bolt of lightning hits you! The bolt of lightning hits you!!
You barely miss the deep elf pyromancer.
You grab the deep elf pyromancer.
The deep elf pyromancer is almost dead.
You are covered in liquid flames!
You constrict the deep elf pyromancer.
The deep elf pyromancer hits you but does no damage.
The earth elemental is distracted by your dazzling golden aura.
The deep elf zephyrmancer points at you and mumbles some strange words.
The bolt of lightning hits you!! The bolt of lightning hits you!
* * * LOW HITPOINT WARNING * * *
You are too injured to fight recklessly!
Unknown command.
Unknown command.
You are too injured to fight recklessly!
Unknown command.
You release your grip on the deep elf pyromancer.
You are covered in liquid flames!
* * * LOW HITPOINT WARNING * * *
You are no longer on fire.
The deep elf zephyrmancer casts a spell at you.
The bolt of lightning hits the earth elemental.
The earth elemental completely resists.
The earth elemental is no longer distracted by gold.
The bolt of lightning hits you!
* * * LOW HITPOINT WARNING * * *
You block the deep elf zephyrmancer's attack.
There is a staircase back to the Mines here.
The deep elf pyromancer is no longer distracted by gold.
The deep elf pyromancer casts a spell.
The deep elf pyromancer blinks!
The deep elf zephyrmancer gestures at you while chanting.
The bolt of lightning hits you!!
You die...
Your body crumbles into a pile of gold.

#)....# #..⌠..#
#.....# $
##.....##
.########e######
....e.#.....#...
......#e....#...
...⌠..'§@F..'..⌠
......#.....#...
......#.E...#...
.########e######
##ee...##
#.....# #..⌠..#
$ #.....#


You could see an earth elemental, 2 deep elf pyromancers, 4 deep elf
zephyrmancers and a cane toad.

Vanquished Creatures
  Rupert (Lair:4)
  An orc warlord (Bailey)
  A dire elephant (Lair:6)
  The ghost of Qucvyi Areg the Grappler, a journeyman DrTm of Yredelemnul (Lair:2)
  A catoblepas (Lair:6)
  7 hydras
  Erica (D:8)
  2 boulder beetles (Lair:2)
  5 two-headed ogres
  Urug (Orc:2)
  6 orc high priests (Orc:2)
  Sonja (Lair:2)
  A sixfirhy (Lair:6)
  2 wizards
  5 bog bodies (Lair:4)
  2 oklob plants
  2 orc sorcerers (Orc:2)
  10 orc knights
  6 black mambas
  4 elephants
  Joseph (D:8)
  13 cane toads
  An orange demon (Lair:6)
  7 rime drakes
  2 kobold demonologists (D:9)
  4 ice devils (Lair:6)
  9 komodo dragons
  A hellwing (Lair:6)
  A queen bee (D:11)
  7 trolls
  A red devil (Lair:6)
  A hornet (D:10)
  4 blink frogs (Lair:4)
  2 slime creatures (Lair:5)
  14 dream sheep
  3 shadows
  4 wyverns
  2 wraiths (D:9)
  37 yaks
  A steam dragon (D:10)
  8 basilisks
  A warg (Orc:1)
  Menkaure (D:5)
  A swamp worm (Lair:4)
  5 acid dragons
  4 hell hounds (Lair:6)
  3 ice beasts
  46 orc warriors
  18 water moccasins
  5 black bears
  5 ogres
  12 wolves
  A necrophage (D:7)
  4 centaurs
  A phantom (D:6)
  5 kobold brigands
  13 bullfrogs
  4 scorpions
  2 water moccasin zombies
  2 gnoll sergeants
  29 killer bees
  4 howler monkeys
  3 jellies
  7 wights
  3 electric eels
  A lava snake (Lair:4)
  4 centaur zombies
  9 hounds
  2 bullfrog skeletons
  31 orc priests
  An iguana (D:7)
  19 orc wizards
  2 killer bee zombies
  A hound zombie (D:5)
  A hound skeleton (D:4)
  14 gnolls
  A howler monkey skeleton (D:7)
  7 adders
  A shadow imp (D:8)
  2 ufetubi
  3 adder skeletons (D:4)
  2 worms
  2 dart slugs
  76 orcs
  5 endoplasms
  4 giant cockroaches
  10 goblins
  15 hobgoblins
  4 jackals
  5 quokkas
  4 ball pythons
  13 bats
  2 frilled lizards (D:1)
  30 kobolds
  A quokka skeleton (D:4)
  9 rats
643 creatures vanquished.

Vanquished Creatures (collateral kills)
  The ghost of Ikheod the Impaler, a journeyman MfGl of Okawaru (Lair:6)
1 creature vanquished.

Vanquished Creatures (others)
  39 fungi
  67 plants
106 creatures vanquished.

Grand Total: 750 creatures vanquished

Notes
Turn   | Place    | Note
-------+----------+-------------------------------------------
     0 | D:1      | MajorAdolf the Naga Wanderer began the quest for the Orb.
     0 | D:1      | MajorAdolf set off with the following items: a +2 dagger, a
                  | scroll of blinking, a +0 spear, a scroll of teleportation,
                  | a +0 robe
     0 | D:1      | Reached XP level 1. HP: 26/26 MP: 1/1
    20 | D:1      | Found a faded altar of an unknown god.
   139 | D:1      | Reached skill level 1 in Short Blades
   438 | D:1      | Reached XP level 2. HP: 29/33 MP: 2/2
   793 | D:1      | Reached XP level 3. HP: 40/40 MP: 3/3
  2020 | D:2      | Reached XP level 4. HP: 46/48 MP: 4/4
  2614 | D:4      | Reached skill level 1 in Armour
  2614 | D:4      | Reached skill level 1 in Dodging
  2614 | D:4      | Reached skill level 1 in Evocations
  2614 | D:4      | Reached XP level 5. HP: 10/55 MP: 5/5
  2907 | D:4      | Reached skill level 1 in Throwing
  3616 | D:4      | Reached XP level 6. HP: 62/62 MP: 6/6
  4509 | D:5      | Entered Level 5 of the Dungeon
  4574 | D:5      | Reached XP level 7. HP: 10/69 MP: 7/7
  5057 | D:5      | Found a glowing silver altar of Zin.
  5716 | D:5      | Found a staircase to the Ecumenical Temple.
  5746 | D:5      | Noticed Menkaure
  5750 | D:5      | Killed Menkaure
  5751 | D:5      | Reached XP level 8. HP: 73/76 MP: 8/8
  8238 | Temple   | Entered the Ecumenical Temple
  8382 | Temple   | Became a worshipper of Gozag Ym Sagoz the Greedy
  8773 | D:5      | Reached skill level 5 in Short Blades
  8972 | D:5      | Identified the +1 pair of gloves "Agogiydgh" {-Cast rCorr
                  | Str+4 SInv}
  9082 | D:6      | Reached XP level 9. HP: 55/82 MP: 9/9
  9349 | D:6      | Identified the +9 spear "Impbane" {vamp, rPois Will+}
  9484 | D:6      | Reached skill level 5 in Evocations
  9506 | D:6      | Identified the +2 scale mail of Foepataschomp {Int+4}
  9993 | D:6      | Found a sparkling altar of Nemelex Xobeh.
 10137 | D:7      | Found a flagged portal.
 10162 | Bailey   | Entered a bailey
 10167 | Bailey   | Noticed an orc warlord
 10494 | Bailey   | Found a runed translucent gate.
 10495 | Bailey   | Found a runed translucent gate.
 10496 | Bailey   | Found a runed translucent gate.
 10684 | Bailey   | Killed an orc warlord
 10685 | Bailey   | Reached skill level 5 in Throwing
 10685 | Bailey   | Reached XP level 10. HP: 32/91 MP: 10/10
 10942 | Bailey   | Identified the ring "Xaen Sokh" {rC+ rN+ Will+ AC+4 Dex+3}
 10985 | Bailey   | Acquired 887 gold pieces
 10987 | Bailey   | Acquired 970 gold pieces
 10989 | Bailey   | Acquired a +1 barding of fire resistance
 11224 | D:7      | Reached skill level 5 in Armour
 11385 | D:7      | Found Kalydoh's Magic Scroll Emporium.
 11479 | D:7      | Reached skill level 5 in Dodging
 11696 | D:7      | Found a burning altar of Makhleb.
 11987 | D:7      | Bought a scroll of fear for 45 gold pieces
 11987 | D:7      | Bought a scroll of holy word for 97 gold pieces
 11987 | D:7      | Bought a scroll of summoning for 123 gold pieces
 11987 | D:7      | Bought a scroll of teleportation for 39 gold pieces
 11987 | D:7      | Bought a scroll of teleportation for 39 gold pieces
 11987 | D:7      | Bought a scroll of immolation for 45 gold pieces
 11987 | D:7      | Bought 2 scrolls of identify for 52 gold pieces
 11987 | D:7      | Bought a scroll of fog for 26 gold pieces
 11987 | D:7      | Bought a scroll of identify for 26 gold pieces
 11991 | D:7      | Gained mutation: You have a beak for a mouth. [potion of
                  | mutation]
 11991 | D:7      | Gained mutation: You are dopey. (Int -2) [potion of
                  | mutation]
 11992 | D:7      | Lost mutation: You are dopey. (Int -2) [potion of mutation]
 11992 | D:7      | Gained mutation: Your muscles are strong. (Str +2) [potion
                  | of mutation]
 12398 | D:8      | Noticed Joseph
 12416 | D:8      | Killed Joseph
 12532 | D:8      | Found a runed translucent door.
 12533 | D:8      | Noticed amoeba's ghost (novice MiFi)
 12720 | D:8      | Noticed Erica
 12744 | D:8      | Killed Erica
 12745 | D:8      | Reached skill level 5 in Polearms
 13209 | D:9      | Found a blossoming altar of Fedhas.
 13283 | D:9      | Noticed a kobold demonologist
 13802 | D:9      | Noticed an orange demon
 14439 | D:9      | Killed a kobold demonologist
 14440 | D:9      | Reached XP level 11. HP: 97/97 MP: 11/11
 14569 | D:9      | Noticed a wizard
 14590 | D:9      | Killed a wizard
 14946 | D:9      | Noticed a two-headed ogre
 14958 | D:9      | Killed a two-headed ogre
 14962 | D:9      | Bought a scroll of fog for 30 gold pieces
 14962 | D:9      | Bought a scroll of summoning for 142 gold pieces
 15139 | D:9      | Noticed a two-headed ogre
 15139 | D:9      | Noticed a two-headed ogre
 15154 | D:9      | Killed a two-headed ogre
 15168 | D:9      | Killed a two-headed ogre
 15257 | D:9      | Noticed a two-headed ogre
 15283 | D:9      | Killed a two-headed ogre
 15296 | D:9      | Noticed a six-headed hydra
 15298 | D:9      | Noticed a four-headed hydra
 15304 | D:9      | Killed a six-headed hydra
 15320 | D:9      | Killed a four-headed hydra
 15549 | D:9      | Reached XP level 12. HP: 105/105 MP: 12/12
 15680 | D:9      | Found a staircase to the Lair.
 16008 | D:9      | Found a hazy altar of Hepliaklqana.
 16081 | Lair:1   | Entered Level 1 of the Lair of Beasts
 16554 | Lair:1   | Found an iron altar of Okawaru.
 16930 | Lair:2   | Noticed Qucvyi Areg's ghost (journeyman DrTm)
 16947 | Lair:2   | Found a runed translucent door.
 17105 | Lair:2   | Noticed Sonja
 17107 | Lair:2   | Killed Sonja
 17297 | Lair:2   | You fall into a shaft and drop 1 floor!
 17395 | Lair:3   | Found a staircase to the Snake Pit.
 18290 | Lair:3   | You fall into a shaft and drop 2 floors!
 18290 | Lair:5   | Found an iron altar of Okawaru.
 18583 | Lair:5   | Found a staircase to the Slime Pits.
 18583 | Lair:5   | Found a viscous altar of Jiyva.
 19490 | Slime:1  | Entered Level 1 of the Pits of Slime
 19640 | Lair:4   | Gained mutation: You can use your snake-like lower body to
                  | constrict enemies. [Naga growth]
 19640 | Lair:4   | Reached XP level 13. HP: 111/111 MP: 13/13
 19788 | Lair:4   | Noticed Rupert
 19806 | Lair:4   | Killed Rupert
 20584 | Lair:4   | Found a staircase to the Swamp.
 21166 | Lair:2   | Reached skill level 10 in Evocations
 22287 | Lair:6   | Entered Level 6 of the Lair of Beasts
 22332 | Lair:6   | Identified the +5 war axe of Growth {protect, rCorr}
 22397 | Lair:6   | Reached XP level 14. HP: 120/120 MP: 14/14
 22401 | Lair:6   | Reached skill level 5 in Shields
 22453 | Lair:6   | Found a runed translucent gate.
 22514 | Lair:6   | Found a runed translucent gate.
 22515 | Lair:6   | Found a runed translucent gate.
 22516 | Lair:6   | Noticed Ikheod's ghost (journeyman MfGl)
 22713 | Lair:6   | Bought a scroll labelled WOEJUA JYDYWI for 37 gold pieces
 22713 | Lair:6   | Bought a scroll of identify for 74 gold pieces
 22713 | Lair:6   | Bought a scroll of fog for 74 gold pieces
 22713 | Lair:6   | Bought a scroll of immolation for 129 gold pieces
 23160 | Lair:6   | Noticed a dire elephant
 23192 | Lair:6   | Killed a dire elephant
 23604 | Lair:6   | Found a burning altar of Makhleb.
 24062 | Lair:6   | Found a gateway to Hell.
 24069 | Lair:6   | Identified the +5 falchion "Goblinslayer" {drain, Dex+7}
 25108 | Lair:6   | Reached skill level 10 in Polearms
 25313 | Lair:6   | Killed Ikheod's ghost
 25804 | Lair:2   | Killed Qucvyi Areg's ghost
 25805 | Lair:2   | Reached skill level 10 in Throwing
 25877 | D:10     | Entered Level 10 of the Dungeon
 25957 | D:10     | Found Loiweurr's Magic Scroll Shoppe.
 25965 | D:10     | Bought a scroll of fog for 22 gold pieces
 25965 | D:10     | Bought a scroll of enchant armour for 82 gold pieces
 25965 | D:10     | Bought a scroll of teleportation for 33 gold pieces
 25965 | D:10     | Bought a scroll of teleportation for 33 gold pieces
 25965 | D:10     | Bought a scroll of summoning for 104 gold pieces
 25967 | D:10     | Bought an encrusted cloak for 237 gold pieces
 25967 | D:10     | Identified the +1 cloak "Founn" {Regen+} (You bought it in
                  | a shop on level 10 of the Dungeon)
 25967 | D:10     | Bought an ivory wand for 100 gold pieces
 25967 | D:10     | Bought a fuming ruby potion for 22 gold pieces
 25967 | D:10     | Bought a scroll of fog for 50 gold pieces
 25967 | D:10     | Bought a scroll of identify for 50 gold pieces
 26325 | D:10     | Found a bloodstained altar of Trog.
 26675 | D:11     | Found Zoma's Antique Weapon Boutique.
 26712 | D:11     | Bought a masterwork spear for 280 gold pieces
 26712 | D:11     | Identified the +3 spear of Fimbulwinter {antimagic, rCorr}
                  | (You bought it in a shop on level 11 of the Dungeon)
 27415 | D:11     | Found a staircase to the Orcish Mines.
 27592 | Orc:1    | Entered Level 1 of the Orcish Mines
 27696 | Orc:2    | Entered Level 2 of the Orcish Mines
 27893 | Orc:2    | Reached XP level 15. HP: 70/126 MP: 15/15
 28231 | Orc:2    | Acquired a manual of Polearms
 28757 | Orc:2    | Found Sicsul's General Store.
 28769 | Orc:2    | Found Tyum's Antique Armour Shop.
 28769 | Orc:2    | Found Bidunam's Magic Scroll Boutique.
 28770 | Orc:2    | Found Xiosin's Antique Armour Boutique.
 28779 | Orc:2    | Bought a scroll of holy word for 97 gold pieces
 28779 | Orc:2    | Bought a scroll of teleportation for 39 gold pieces
 28779 | Orc:2    | Bought a scroll of identify for 26 gold pieces
 28779 | Orc:2    | Bought a scroll of identify for 26 gold pieces
 28779 | Orc:2    | Bought a scroll of enchant armour for 97 gold pieces
 28779 | Orc:2    | Bought a scroll of fear for 45 gold pieces
 28783 | Orc:2    | Bought a scroll of summoning for 133 gold pieces
 28783 | Orc:2    | Bought a potion of resistance for 140 gold pieces
 28853 | Orc:2    | Found a staircase to the Elven Halls.
 28908 | Orc:2    | Noticed Urug
 28918 | Orc:2    | Killed Urug
 29058 | Elf:1    | Entered Level 1 of the Elven Halls
 29716 | Elf:1    | Killed from afar by a deep elf zephyrmancer

Illustrated notes

Levels and vault maps discovered:
D:1:      dpeg_arrival_tiny_a, layout_rooms, dreamdust_ecumenical_altar_grove,
          wander_ebering_terrifying_dragon_lair
D:2:      layout_basic
D:3:      layout_loops_cross, minivault_5, kennysheep_cross_room, st_stairs_13,
          minivault_4, chequers_jeans, minivault_23,
          minmay_fractal_squares_diagonal_5
D:4:      layout_cave_pools, nicolae_zen_rock_garden, minmay_divided_ellipse
D:5:      layout_basic, mainiacjoe_overflow_six_doors_small,
          minmay_temple_entry_enclosed_plants, minmay_puff, uniq_menkaure
D:6:      layout_rooms, marbit_many_paths, kennysheep_nondescript
D:7:      layout_layer_cave, mainiacjoe_overflow_chevrons, enter_bailey_5,
          nicolae_inconvenience_store, chequers_serial_rivers_large_b,
          minmay_unpleasant_kobolds
D:8:      cheibrodos_elevator_heist, layout_basic, gammafunk_ghost_grave,
          uniq_joseph, uniq_erica
D:9:      cheibrodos_fzero, layout_loops_ring, amcnicky_altar_gilded,
          mainiacjoe_overflow_concentric_impassable, lair_entry_dummy,
          grunt_potential
D:10:     layout_gridville, trog_three_pillars_becter, serial_shops,
          nicolae_shop_statue_plus, chequers_serial_rivers_micro_a
D:11:     layout_loops_ring, erik_orc_2, serial_shops, shop, special_room
          [special_room_bee], serial_glass, glass_columns_b, glass_columns_c,
          glass_columns_a, glass_columns_b, glass_columns_a
Temple:   nicolae_temple_elliptical
Lair:1:   layout_roguey, basic_altar
Lair:2:   layout_regular_city, hellmonk_ghost_happy_afterlife,
          minmay_shattered_shrine, serial_bayou_shore_a, serial_bayou_shore_b,
          uniq_sonja
Lair:3:   layout_chaotic_city, minmay_snake_entry_six_corridors
Lair:4:   layout_gridlike, nicolae_swamp_entry_splash_gauntlet, minivault_26,
          grunt_megastairs_2, uniq_rupert
Lair:5:   layout_layer_cave, slime_altar_1, lemuel_oklob_altar
Lair:6:   evil_forest, layout_regular_city, gammafunk_ghost_hydra_chop
Slime:1:  layout_caves
Orc:1:    cheibrodos_orc_arena, layout_caves, nicolae_orc_lava_room
Orc:2:    st_orc_pillars, layout_diamond_mine, mines4_lemuel, uniq_urug
Elf:1:    minmay_elf_arrival_plus, layout_onion_city,
          minmay_elf_crystal_heptagon, einodemon_armed_red_devil_minivault

Skill      XL: |  1  2  3  4  5  6  7  8  9 10 11 12 13 14 15 |
---------------+----------------------------------------------+-----
Short Blades   | 1 2 3 4 5 6 |  6.0
Armour         | 1 2 3 4 5 6 7 8 9 |  9.7
Dodging        | 1 2 3 4 5 6 7 8 9 |  9.8
Evocations     | 1 2 3 4 5 6 8 9 10 11 | 11.4
Throwing       | 1 2 3 4 5 6 7 8 9 10 | 10.6
Polearms       | 4 5 7 8 9 10 11 | 11.0
Shields        | 3 4 6 |  6.9
Fighting       | |  6.4
Stealth        | |  1.5
Unarmed Combat | |  1.0

Action                   |  1- 3 |  4- 6 |  7- 9 | 10-12 | 13-15 || total
-------------------------+-------+-------+-------+-------+-------++-------
Melee: Dagger            |    99 |   148 |   307 |       |       ||   554
       Punch             |       |     2 |     2 |    10 |       ||    14
       Spear             |       |       |    85 |   800 |  1511 ||  2396
       Peck              |       |       |       |   217 |   584 ||   801
       Constrict         |       |       |       |       |   225 ||   225
Throw: Boomerang         |    13 |    38 |   102 |       |     3 ||   156
       Dart              |       |       |    12 |       |       ||    12
Invok: Call Merchant     |       |       |       |     2 |     2 ||     4
 Abil: Spit Poison       |    31 |    13 |    26 |     2 |       ||    72
Evoke: Wand              |       |    11 |    19 |     4 |     2 ||    36
       Tin of tremorston |       |       |       |     2 |     3 ||     5
       Box of beasts     |       |       |       |       |     1 ||     1
  Use: Scroll            |       |       |     3 |    15 |    10 ||    28
       Potion            |       |       |       |     3 |       ||     3
 Stab: Sleeping          |     2 |       |       |       |       ||     2
       Distracted        |       |     1 |     1 |     5 |     9 ||    16
Armor: Ring mail         |    28 |    57 |       |       |       ||    85
       Robe              |     1 |       |       |       |       ||     1
       Chain mail        |       |    13 |   178 |       |       ||   191
       Scale mail        |       |       |    27 |   406 |   455 ||   888
Dodge: Dodged            |    37 |    71 |   115 |   247 |   256 ||   726
Block: Other             |       |       |       |   124 |       ||   124
       Reflection        |       |       |       |     4 |    14 ||    18
       Buckler           |       |       |       |    15 |   302 ||   317
       Tower shield      |       |       |       |       |   601 ||   601
